Map: Ancient Cistern LE

Players

chatoworld

  • Race: Zerg Zerg
  • League: Platinum
  • Spawn Location: 1:00

swiftfox - Winner!

  • Race: Terran Terran
  • League: Platinum
  • Spawn Location: 7:00

VOD

Have the link to the VOD?

Description

Time

  • Played on: May 30, 2023, 3:10 p.m.
  • Length: 8:41
Show
View Real Time Build Order
Export as new Build Order

chatoworld Zerg 

Build Orders: Pool First 

Get SALT Encoding   

  12  0:03  Drone  
  13  0:17  Drone  
  13  0:18  Extractor, Drone  
  13  0:20  Extractor  
  15  0:35  Spawning Pool  
  14  0:55  Hatchery  
  13  1:03  Overlord  
  13  1:10  Extractor  
  12  1:22  Zergling x6  
  15  1:29  Queen  
  17  1:36  Drone  
  18  1:45  Drone  
  19  1:55  Overlord  
  19  2:05  Queen  
  21  2:39  Roach Warren  
  21  2:40  Queen  
  21  2:42  Drone x3  
  25  2:59  Overlord  
  25  3:06  Drone x3  
  28  3:24  Drone x2  
  28  3:26  Drone  
  31  3:29  Overlord  
  31  3:43  Roach x4  
  39  4:01  Roach x4  
  47  4:08  Ravager  
  47  4:09  Ravager  
  49  4:15  Extractor  
  48  4:17  Drone x2  
  48  4:18  Drone x2  
  52  4:42  Overlord  
  52  4:47  Lair  
  52  4:53  Hatchery  
  38  5:24  Roach x2  
  38  5:25  Roach x3  
  48  5:48  Baneling Nest  
  47  5:56  Drone  
  47  5:57  Drone x9  
  51  5:58  Drone x3  
  51  6:02  Overlord  
  51  6:03  Overlord  
  60  6:05  Glial Reconstitution  
  56  6:31  Ravager x2  
  52  6:34  Roach  
  54  7:04  Roach x4  
  54  7:05  Roach x3  
  29  7:40  Roach x3  
Show
View Real Time Build Order
Export as new Build Order

swiftfox Terran - Winner!

Build Orders: 2 Factory 

Get SALT Encoding   

  12  0:00  SCV  
  13  0:14  SCV  
  13  0:19  Supply Depot  
  14  0:26  SCV  
  15  0:31  Refinery  
  15  0:41  Barracks  
  15  0:46  SCV  
  16  0:52  Refinery  
  16  0:58  SCV  
  17  1:10  SCV  
  18  1:12  Supply Depot  
  18  1:22  SCV  
  19  1:29  Barracks Reactor  
  19  1:36  Factory  
  19  1:48  Orbital Command  
  19  2:06  Factory, Marine  
  20  2:10  Marine  
  21  2:16  SCV  
  22  2:40  Barracks Tech Lab  
  22  2:41  Hellion x2  
  26  2:47  Armory  
  26  2:49  SCV  
  27  3:03  Marauder  
  29  3:07  Supply Depot  
  29  3:09  SCV  
  29  3:10  Factory Tech Lab  
  30  3:22  Supply Depot, SCV  
  31  3:29  Infernal Pre-Igniter  
  31  3:34  Supply Depot  
  35  3:48  Hellion x2  
  35  3:51  Siege Tank  
  38  3:59  Supply Depot  
  38  4:01  Marauder  
  40  4:08  Concussive Shells  
  42  4:10  Hellion  
  42  4:14  Hellion  
  44  4:23  Siege Tank  
  47  4:27  Supply Depot  
  47  4:33  Hellion  
  47  4:37  Hellion  
  51  4:42  Marauder  
  53  4:54  Hellion  
  53  4:57  Supply Depot  
  53  4:59  Hellion  
  51  5:19  Hellion  
  51  5:20  Hellion  
  55  5:33  Thor  
  55  5:35  Marauder  
  61  5:48  Hellion x2  
  65  5:52  Supply Depot  
  67  5:57  Marauder  
  67  6:25  Hellion x2  
  68  6:34  Thor  
  72  6:40  Marauder  
  72  7:17  Thor  
  72  7:19  Widow Mine  
  72  7:20  Widow Mine  
  72  7:21  Marauder  
  70  7:41  Hellion x2  
  70  8:02  Hellion x2  
Tags
 
Add a new tag
Caveats
  • Supply blocks, unpowered buildings, or Contaminate may cause inaccurate times.
  • Supply counts are checked every 10 seconds.